AoeStats
← Lumeh

Arena

509595324Analyzed
4v4 RM · 5d ago on Sep 27, 2026· 45m 55s· 8 players
Game mode
Random Map
Map size
Large (8 player)
Population
200
Speed
Normal
Resources
Standard
Victory
Conquest
Starting age
Dark Age
Ending age
Imperial Age
RankedLock teamsTeams togetherTeam positionsShared explorationLock speedFull tech treeHidden civsTurbo modeCheats
Victory
Defeat
🇦🇺 Danes · Australia
1201
+18
🇦🇺 Romans · Australia
1156
+20
🇦🇺 Japanese · Australia
1101
+22
🇦🇺 Byzantines · Australia
1091
+22
🇨🇳 Inca · China
1296
-22
🇩🇪 Varangians · Germany
1245
-21
🇧🇷 Huns · Brazil
1227
-20
🇩🇪 Bulgarians · Germany
1193
-19
tony.li
10:25 Feudal Age
11:52 Double-Bit Axe
14:21 Castle Age
12:51 Horse Collar
16:12 Wheelbarrow
16:41 Bow Saw
16:54 Heavy Plow
22:20 Gold Mining
27:07 Imperial Age
24:30 Fletching
25:06 Bodkin Arrow
25:12 Padded Archer Armor
26:08 Ballistics
25:58 Thumb Ring
26:46 Wheelbarrow
25:58 Loom
27:24 Leather Archer Armor
27:31 Forging
27:46 Hand Cart
27:40 Husbandry
28:39 Parthian Tactics
28:27 Bracer
29:43 Chemistry
29:49 Heavy Cavalry Archer
32:00 Two-Man Saw
32:07 Bloodlines
40:40 Stone Mining
41:25 Gold Shaft Mining
42:01 Cavalier
42:20 Light Cavalry
EU _XING
0:32 Loom
11:07 Feudal Age
12:05 Double-Bit Axe
12:05 Horse Collar
12:49 Horse Collar
15:39 Castle Age
14:47 Gold Mining
15:36 Wheelbarrow
15:41 Town Watch
16:40 Bow Saw
17:45 Loom
20:30 Heavy Plow
22:44 Hand Cart
23:07 Fletching
27:07 Bodkin Arrow
28:57 Murder Holes
30:02 Gold Shaft Mining
30:04 Fortified Wall
34:29 Imperial Age
33:53 Padded Archer Armor
33:54 Scale Mail Armor
34:04 Forging
33:54 Scale Mail Armor
34:04 Forging
34:53 Ballistics
34:13 Treadmill Crane
36:36 Stone Mining
39:09 Chemistry
38:11 Bracer
38:27 Leather Archer Armor
37:45 Capped Ram
38:17 Arrowslits
38:42 Masonry
40:05 Stone Shaft Mining
40:49 Ring Archer Armor
40:54 Iron Casting
40:35 Chain Mail Armor
41:30 Andean Sling
43:02 Blast Furnace
42:38 Conscription
42:10 Elite Skirmisher
43:50 Conscription
Ding-Dong
10:57 Feudal Age
14:56 Castle Age
13:06 Double-Bit Axe
13:14 Horse Collar
14:52 Loom
17:58 Gold Mining
19:01 Wheelbarrow
19:33 Heavy Plow
24:27 Hand Cart
28:10 Imperial Age
26:22 Stone Mining
28:45 Hand Cart
29:06 Stirrups
29:36 Conscription
29:46 Scale Barding Armor
30:34 Forging
31:43 Fletching
32:06 Squires
32:09 Scale Mail Armor
34:08 Gambesons
34:28 Husbandry
36:10 Gold Shaft Mining
35:59 Arson
39:01 Chain Mail Armor
39:07 Chain Barding Armor
39:17 Bloodlines
39:10 Elite Konnik
39:53 Bagains
41:27 Plate Barding Armor
40:26 Light Cavalry
42:28 Plate Mail Armor
ElSchlekko
10:48 Feudal Age
9:08 Loom
14:18 Castle Age
12:17 Double-Bit Axe
12:46 Stone Mining
13:21 Horse Collar
22:06 Gold Mining
23:48 Heavy Plow
26:50 Fletching
27:52 Bow Saw
29:12 Vendel Legacy
33:20 Imperial Age
30:54 Man-at-Arms
31:45 Scale Mail Armor
33:59 Scale Barding Armor
34:04 Forging
34:39 Conscription
35:08 Bloodlines
Killed by Tony
11:10 Feudal Age
15:06 Castle Age
13:03 Double-Bit Axe
13:02 Horse Collar
17:58 Wheelbarrow
18:06 Stone Mining
23:48 Fletching
26:24 Bodkin Arrow
Nick
3:04 Loom
10:19 Feudal Age
11:48 Loom
15:19 Castle Age
13:40 Double-Bit Axe
13:49 Stone Mining
14:03 Gold Mining
16:05 Fletching
18:05 Scale Mail Armor
21:31 Bow Saw
21:36 Forging
28:04 Bodkin Arrow
30:25 Iron Casting
31:47 Chain Mail Armor
34:35 Horse Collar
35:44 Gold Shaft Mining
36:28 Murder Holes
37:13 Squires
42:18 Imperial Age
43:06 Bracer
44:20 Capped Ram
Lumeh
11:10 Feudal Age
13:02 Double-Bit Axe
15:18 Castle Age
13:32 Horse Collar
17:45 Bow Saw
18:21 Heavy Plow
23:30 Wheelbarrow
24:38 Hand Cart
27:51 Imperial Age
25:09 Loom
26:22 Scale Barding Armor
26:29 Forging
27:07 Husbandry
27:11 Scale Mail Armor
27:30 Fortified Wall
28:11 Chain Barding Armor
28:31 Iron Casting
29:47 Chemistry
28:15 Heavy Camel Rider
30:05 Plate Barding Armor
31:45 Fletching
31:55 Padded Archer Armor
31:25 Elite Skirmisher
33:35 Thumb Ring
36:01 Gold Mining
36:27 Bodkin Arrow
36:48 Leather Archer Armor
38:31 Bracer
38:47 Leather Archer Armor
38:40 Arrowslits
39:19 Ballistics
41:49 Ring Archer Armor
44:49 Two-Man Saw
44:39 Gold Shaft Mining
43:54 Stone Mining
43:59 Arrowslits
lamp
10:12 Feudal Age
11:34 Double-Bit Axe
11:42 Horse Collar
14:18 Castle Age
15:21 Bow Saw
15:12 Heavy Plow
19:10 Wheelbarrow
21:42 Gold Mining
22:27 Hand Cart
23:18 Gold Shaft Mining
22:37 Stone Mining
28:23 Imperial Age
26:57 Scale Mail Armor
27:07 Forging
28:12 Chain Mail Armor
27:56 Gambesons
29:09 Stone Shaft Mining
29:50 Iron Casting
29:21 Squires
28:48 Capped Ram
29:33 Elite Varangian Guard
31:32 Plate Mail Armor
31:04 Arson
31:41 Siege Engineers
32:36 Siege Ram
32:54 Northmen's Fury
34:29 Conscription
33:33 Hamask
35:57 Elite Jomsviking
38:06 Blast Furnace
Connection lost

Rejoining the realm…

Still unreachable

The connection could not be restored.

Session expired

The server has moved on; the page needs a fresh start.